 Seeded DCSS version 0.28.0-53-g5a82cb258f (webtiles) character file.

Game seed: 2501726451046885968 (custom seed)

4549 Sanktem7 the Fighter (level 10, -1/101 HPs)
             Began as a Minotaur Berserker on July 1, 2022.
             Was a High Priest of Trog.
             Slain by an orc warlord
             ... wielding a +0 war axe
              (29 damage)
             ... in a bailey.
             The game lasted 00:18:55 (8061 turns).

Sanktem7 the Fighter (Minotaur Berserker)           Turns: 8061, Time: 00:18:56

Health: -1/101     AC: 15    Str: 25    XL:     10   Next: 17%
Magic:  9/9        EV: 14    Int:  4    God:    Trog [*****.]
Gold:   537        SH:  0    Dex: 11    Spells: 9/9 levels left

rFire   . . .      SeeInvis .   a - +0 spear {polearm}
rCold   . . .      Faith    .   (no shield)
rNeg    + + .      Spirit   .   G - +1 pearl dragon scales {rare=g}
rPois   .          Reflect  .   b - +0 hat
rElec   .          Harm     .   y - +0 cloak
rCorr   .          Rampage  .   i - +0 pair of gloves
Will    .....                   d - +0 pair of boots
Stlth   ..........              w - amulet of the acrobat
HPRegen 0.26/turn               g - +4 ring of evasion
MPRegen 0.11/turn               z - ring of positive energy

@: no status effects
A: horns 2, retaliatory headbutt
a: Renounce Religion, Berserk, Trog's Hand, Brothers in Arms


You were in a bailey.
You worshipped Trog.
Trog was extremely pleased with you.
You visited 1 branch of the dungeon, and saw 8 of its levels.
You also visited: Bailey.

You collected 600 gold pieces.
You spent 63 gold pieces at shops.


Innate Abilities, Weirdness & Mutations

You have a pair of horns on your head.
You reflexively headbutt those who attack you in melee.


   Skills:
 * Level 13.0 Fighting
 * Level 13.0 Polearms
 - Level 2.4 Armour
 - Level 2.1 Dodging


You had 9 spell levels left.
You didn't know any spells.
Your spell library contained the following spells:

 Spells                   Type           Power      Damage    Failure   Level
 Animate Dead             Necr           0%         N/A       100%        4
 Borgnjor's Vile Clutch   Necr/Erth      0%         N/A       100%        5
 Summon Forest            Summ/Tloc      0%         N/A       100%        5
 Death Channel            Necr           0%         N/A       100%        6
 Eringya's Noxious Bog    Tmut/Pois      0%         N/A       100%        6
 Summon Hydra             Summ           0%         N/A       100%        7

Inventory:

Hand Weapons
 a - a +0 spear (weapon) {polearm}
 v - a +2 flail of venom {mace}
   (You took it off a gnoll on level 4 of the Dungeon)
Missiles
 j - 32 sling bullets
 l - 8 poisoned darts (quivered) {throwing}
 s - 4 curare-tipped darts {=fthrowing}
 B - 17 arrows
 D - 15 boomerangs {throwing}
Armour
 b - a +0 hat (worn)
   (You found it on level 2 of the Dungeon)
 d - a +0 pair of boots (worn)
   (You bought it in a shop on level 2 of the Dungeon)
 i - a +0 pair of gloves (worn)
   (You found it on level 1 of the Dungeon)
 y - a +0 cloak (worn)
   (You found it on level 5 of the Dungeon)
 G - +1 pearl dragon scales (worn) {rare=g}
   (You found it on level 5 of the Dungeon)
Jewellery
 g - a +4 ring of evasion (left hand)
   (You found it on level 1 of the Dungeon)
 w - an amulet of the acrobat (around neck)
   (You found it on level 4 of the Dungeon)
 z - a ring of positive energy (right hand)
   (You found it on level 5 of the Dungeon)
Wands
 u - a wand of acid (6)
   (You found it on level 6 of the Dungeon)
 F - a wand of charming (2)
   (You found it on level 5 of the Dungeon)
Scrolls
 c - a scroll of immolation {!r!r}
 m - a scroll of noise {unknown}
 p - 4 scrolls of teleportation {unknown}
 r - a scroll of silence {!r}
 x - a scroll of enchant weapon
 C - 2 scrolls of enchant armour {unknown}
 E - 2 scrolls of summoning
 H - a scroll of brand weapon {unknown}
 I - a scroll of blinking {unknown}
Potions
 e - a potion of curing {unknown}
 f - 2 potions of mutation {unknown}
 h - 4 potions of lignification {!q}
 k - 2 potions of heal wounds {@q2}
 n - 2 potions of resistance {unknown}
 o - 2 potions of haste {unknown}
 q - a potion of berserk rage {unknown}
 t - a potion of degeneration {unknown}
 A - a potion of magic {unknown}
 J - 2 potions of brilliance {unknown}

Dungeon Overview and Level Annotations

Branches:
Dungeon (8/15)             Temple (0/1) D:6          Bailey (1/1)
   Lair: D:8-11

Altars:
Elyvilon
Gozag
Hepliaklqana
Makhleb
Ru
Vehumet
Xom

Shops:
D:2 [   D:4 (

Annotations:
D:3 3 runed translucent doors, DocClef's ghost, amateur MfGl
D:5 2 runed translucent doors
D:7 2 transporters, mdk's ghost, novice MiHu

#.........................#
#.........................#
#...8......#'''#......8...#
##......####≈≈≈####......##
♣##.....#≈≈≈≈≈≈≈≈≈#.....##♣
♣.##....#≈.8...8.≈#....##.♣
♣♣..###'###.......###'###..♣♣
♣...)≈≈.#≈≈.8...8.≈≈#)≈≈≈...♣
♣♣...≈≈≈.#≈....@....≈#)†≈≈...♣♣
♣∩...≈≈≈.#≈....∩o...≈#.≈≈≈...∩♣
♣♣...≈≈≈.##.........##.≈≈≈...♣♣
♣...≈≈≈.#≈..8...8..≈#.≈≈≈...♣
♣♣..###'#≈.........≈#'###..♣♣
♣.##...#≈)!8...8?)≈#...##.♣
♣##....##≈≈#####≈≈##....##♣
##......####...####......##
#.........................#


You could see an orc warlord.


Message History

The orc warlord completely misses you. You furiously retaliate!
You headbutt the orc warlord!
Reach: a) +0 spear {polearm}
Press: ? - help, Dir - move target, f/p - orc warlord
Aim: an orc warlord, wielding a +0 war axe and wearing a +0 plate armour (moderately wounded, about 21% to evade your +0 spear)
You hit the orc warlord.
Reach: a) +0 spear {polearm}
Press: ? - help, Dir - move target, f/p - orc warlord
Aim: an orc warlord, wielding a +0 war axe and wearing a +0 plate armour (heavily wounded, about 21% to evade your +0 spear)
You hit the orc warlord.
The orc warlord hits you with a +0 war axe! 😮 HP[-9]
You take 9 damage, and now have 61/101 hp.
Reach: a) +0 spear {polearm}
Press: ? - help, Dir - move target, f/p - orc warlord
Aim: an orc warlord, wielding a +0 war axe and wearing a +0 plate armour (heavily wounded, about 21% to evade your +0 spear)
You hit the orc warlord but do no damage.
You headbutt the orc warlord! 😮 HP[+1] Reach: a) +0 spear {polearm}
Press: ? - help, Dir - move target, f/p - orc warlord
Aim: an orc warlord, wielding a +0 war axe and wearing a +0 plate armour (heavily wounded, about 21% to evade your +0 spear)
You hit the orc warlord but do no damage.
You headbutt the orc warlord. The orc warlord barely misses you.
Reach: a) +0 spear {polearm}
Press: ? - help, Dir - move target, f/p - orc warlord
Aim: an orc warlord, wielding a +0 war axe and wearing a +0 plate armour (heavily wounded, about 21% to evade your +0 spear)
You hit the orc warlord but do no damage.
Reach: a) +0 spear {polearm}
Press: ? - help, Dir - move target, f/p - orc warlord
Aim: an orc warlord, wielding a +0 war axe and wearing a +0 plate armour (heavily wounded, about 21% to evade your +0 spear)
You hit the orc warlord but do no damage.
You headbutt the orc warlord.
The orc warlord hits you with a +0 war axe!!
* * * LOW HITPOINT WARNING * * *
😨 HP[-24]
You take 24 damage, and now have 38/101 hp.
MASSIVE DAMAGE!! (PAUSE) Reach: a) +0 spear {polearm}
Press: ? - help, Dir - move target, f/p - orc warlord
Aim: an orc warlord, wielding a +0 war axe and wearing a +0 plate armour (severely wounded, about 21% to evade your +0 spear)
You barely miss the orc warlord.
Reach: a) +0 spear {polearm}
Press: ? - help, Dir - move target, f/p - orc warlord
Aim: an orc warlord, wielding a +0 war axe and wearing a +0 plate armour (severely wounded, about 21% to evade your +0 spear)
You hit the orc warlord.
The orc warlord hits you but does no damage.
Reach: a) +0 spear {polearm}
Press: ? - help, Dir - move target, f/p - orc warlord
Aim: an orc warlord, wielding a +0 war axe and wearing a +0 plate armour (severely wounded, about 21% to evade your +0 spear)
You hit the orc warlord but do no damage.
You headbutt the orc warlord, but do no damage.
Reach: a) +0 spear {polearm}
Press: ? - help, Dir - move target, f/p - orc warlord
Aim: an orc warlord, wielding a +0 war axe and wearing a +0 plate armour (severely wounded, about 21% to evade your +0 spear)
You barely miss the orc warlord.
The orc warlord hits you but does no damage.
Reach: a) +0 spear {polearm}
Press: ? - help, Dir - move target, f/p - orc warlord
Aim: an orc warlord, wielding a +0 war axe and wearing a +0 plate armour (severely wounded, about 21% to evade your +0 spear)
You hit the orc warlord but do no damage.
You headbutt the orc warlord. 😨 HP[+1] Reach: a) +0 spear {polearm}
Press: ? - help, Dir - move target, f/p - orc warlord
Aim: an orc warlord, wielding a +0 war axe and wearing a +0 plate armour (severely wounded, about 21% to evade your +0 spear)
You hit the orc warlord but do no damage.
The orc warlord hits you with a +0 war axe.
* * * LOW HITPOINT WARNING * * *
😨 HP[-4]
You take 4 damage, and now have 35/101 hp.
Reach: a) +0 spear {polearm}
Press: ? - help, Dir - move target, f/p - orc warlord
Aim: an orc warlord, wielding a +0 war axe and wearing a +0 plate armour (severely wounded, about 21% to evade your +0 spear)
You closely miss the orc warlord. Your headbutt misses the orc warlord.
Reach: a) +0 spear {polearm}
Press: ? - help, Dir - move target, f/p - orc warlord
Aim: an orc warlord, wielding a +0 war axe and wearing a +0 plate armour (severely wounded, about 21% to evade your +0 spear)
You barely miss the orc warlord.
You headbutt the orc warlord, but do no damage.
The orc warlord hits you with a +0 war axe.
* * * LOW HITPOINT WARNING * * *
😨 HP[-3]
You take 3 damage, and now have 32/101 hp.
Reach: a) +0 spear {polearm}
Press: ? - help, Dir - move target, f/p - orc warlord
Aim: an orc warlord, wielding a +0 war axe and wearing a +0 plate armour (severely wounded, about 21% to evade your +0 spear)
You hit the orc warlord. You headbutt the orc warlord.
Reach: a) +0 spear {polearm}
Press: ? - help, Dir - move target, f/p - orc warlord
Aim: an orc warlord, wielding a +0 war axe and wearing a +0 plate armour (severely wounded, about 21% to evade your +0 spear)
You hit the orc warlord but do no damage.
The orc warlord hits you with a +0 war axe!!
* * * LOW HITPOINT WARNING * * *
😱 HP[-21]
You take 21 damage, and now have 11/101 hp.
MASSIVE DAMAGE!! (PAUSE)
You feel much better.
The orc warlord hits you with a +0 war axe!!
You die...

Skill      XL: |  1  2  3  4  5  6  7  8  9 10 |
---------------+-------------------------------+-----
Fighting       | 4 5 6 7 8 10 12 13 | 13.0
Polearms       | 4 5 6 7 8 10 12 13 | 13.0
Armour         | |  2.4
Dodging        | |  2.1

Action                   |  1- 3 |  4- 6 |  7- 9 | 10-12 || total
-------------------------+-------+-------+-------+-------++-------
Melee: Spear             |   109 |   175 |   466 |   111 ||   861
       Headbutt          |     6 |    22 |   106 |    25 ||   159
       Punch             |     2 |     2 |     7 |     4 ||    15
  Use: Scroll            |       |       |     9 |       ||     9
       Potion            |       |       |       |     1 ||     1
 Stab: Distracted        |       |       |     1 |       ||     1
Armor: Plate armour      |    28 |    66 |   110 |       ||   204
       Animal skin       |     2 |       |       |       ||     2
       Pearl dragon scal |       |       |    28 |    17 ||    45
Dodge: Dodged            |    33 |    47 |   177 |    69 ||   326

Levels and vault maps discovered:
D:1:      saegor_arrival_simple_a, layout_loops_ring
D:2:      layout_basic, serial_shops, nicolae_shop_waterfront, feat_on_display
D:3:      layout_loops_ring, amcnicky_altar_gilded, gammafunk_ghost_necromancy
D:4:      layout_loops_ring, minitemple, mainiacjoe_overflow_boulevard,
          serial_shops, kennysheep_mini_moat
D:5:      layout_rooms, small_statue_intersection, minmay_hollow_rounded_squares
D:6:      layout_loops_ring, minmay_temple_entry_antechambers,
          wad_floor_pattern_1, minmay_circle_x
D:7:      layout_loops_ring, general_overflow_altar,
          gammafunk_ghost_abyssal_escape, serial_bayou_pond_e,
          minmay_mini_ossuary
D:8:      layout_basic, enter_bailey_1
Bailey:   bailey_axe_bossmonster_kennysheep, bailey

Notes
Turn   | Place    | Note
-------+----------+-------------------------------------------
     0 | D:1      | Sanktem7 the Minotaur Berserker began the quest for the
                  | Orb.
     0 | D:1      | Reached XP level 1. HP: 19/19 MP: 0/0
     0 | D:1      | magus.rc [v1.9.6]
   280 | D:1      | Reached skill level 4 in Fighting
   280 | D:1      | Reached skill level 4 in Polearms
   280 | D:1      | Reached XP level 2. HP: 23/27 MP: 1/1
   723 | D:2      | Identified the +2 robe of the Shore {Dex+3}
   819 | D:2      | Reached XP level 3. HP: 34/34 MP: 2/2
   929 | D:2      | Reached ** piety under Trog
  1322 | D:2      | Found Himafaw's Armour Shoppe.
  1377 | D:2      | Bought a +0 pair of boots for 63 gold pieces
  1854 | D:3      | Reached XP level 4. HP: 41/41 MP: 3/3
  1866 | D:3      | Noticed a phantom
  1891 | D:3      | Killed a phantom
  1892 | D:3      | Reached skill level 5 in Fighting
  1892 | D:3      | Reached skill level 5 in Polearms
  1892 | D:3      | Reached XP level 5. HP: 43/48 MP: 4/4
  2193 | D:3      | Reached skill level 6 in Fighting
  2193 | D:3      | Reached skill level 6 in Polearms
  2238 | D:3      | Found a runed translucent gate.
  2238 | D:3      | Found a runed translucent gate.
  2238 | D:3      | Found a runed translucent gate.
  2273 | D:3      | Found a hazy altar of Hepliaklqana.
  2442 | D:3      | Noticed DocClef's ghost (amateur MfGl)
  2728 | D:4      | Reached XP level 6. HP: 19/58 MP: 5/5
  3118 | D:4      | Reached *** piety under Trog
  3165 | D:4      | Found Iqinamoj's Antique Weapon Boutique.
  3214 | D:4      | Reached skill level 7 in Fighting
  3214 | D:4      | Reached skill level 7 in Polearms
  3332 | D:4      | Found an opulent altar of Gozag.
  3337 | D:4      | Found a burning altar of Makhleb.
  3337 | D:4      | Found a white marble altar of Elyvilon.
  3337 | D:4      | Found a sacrificial altar of Ru.
  3363 | D:4      | Reached XP level 7. HP: 66/66 MP: 6/6
  3623 | D:4      | Found a shimmering altar of Xom.
  3950 | D:5      | Entered Level 5 of the Dungeon
  4061 | D:5      | Reached skill level 8 in Fighting
  4068 | D:5      | Reached skill level 8 in Polearms
  4336 | D:5      | Reached XP level 8. HP: 71/75 MP: 7/7
  4417 | D:5      | Found a large runed translucent door.
  4417 | D:5      | Found a large runed translucent door.
  4450 | D:5      | Reached **** piety under Trog
  4451 | D:5      | Reached skill level 9 in Fighting
  4451 | D:5      | Reached skill level 9 in Polearms
  4581 | D:5      | Noticed a two-headed ogre
  4595 | D:5      | Killed a two-headed ogre
  4596 | D:5      | Reached skill level 10 in Fighting
  4596 | D:5      | Reached skill level 10 in Polearms
  4791 | D:5      | Noticed a troll
  5030 | D:5      | Found a large runed translucent door.
  5032 | D:5      | Found a large runed translucent door.
  5078 | D:5      | Reached XP level 9. HP: 69/86 MP: 8/8
  5137 | D:5      | Reached skill level 11 in Fighting
  5137 | D:5      | Reached skill level 11 in Polearms
  5296 | D:5      | You pick up a book of Unlife {forbidden} and begin
                  | reading...
  5296 | D:5      | You add the spells Animate Dead, Borgnjor's Vile Clutch and
                  | Death Channel to your library.
  5671 | D:5      | Killed a troll
  5805 | D:5      | Identified +1 pearl dragon scales
  5806 | D:5      | G - +1 pearl dragon scales {rare=g}
  5817 | D:5      | You finish putting on your +1 pearl dragon scales {rare=g}.
  5822 | D:5      | You finish taking off your +1 pearl dragon scales {rare=g}.
  5837 | D:5      | You finish putting on your +1 pearl dragon scales {rare=g}.
  5920 | D:6      | Found a staircase to the Ecumenical Temple.
  6052 | D:6      | You add the spells Summon Forest, Eringya's Noxious Bog and
                  | Summon Hydra to your library.
  6155 | D:6      | Reached skill level 12 in Fighting
  6155 | D:6      | Reached skill level 12 in Polearms
  6968 | D:7      | Found a transporter.
  7076 | D:7      | Found a radiant altar of Vehumet.
  7115 | D:7      | Reached XP level 10. HP: 95/100 MP: 9/9
  7139 | D:7      | Found a transporter.
  7239 | D:7      | Noticed mdk's ghost (novice MiHu)
  7560 | D:8      | Reached ***** piety under Trog
  7607 | D:8      | Found a flagged portal.
  7627 | Bailey   | Entered a bailey
  7653 | Bailey   | Noticed an orc warlord
  7653 | Bailey   | Found the +8 lance "Wyrmbane" {slay drac, rPois rF+ rC+
                  | AC+3}
  7814 | Bailey   | Found a runed translucent gate.
  7817 | Bailey   | Found a runed translucent gate.
  7819 | Bailey   | Found a runed translucent gate.
  7899 | Bailey   | Reached skill level 13 in Fighting
  7899 | Bailey   | Reached skill level 13 in Polearms
  8060 | Bailey   | HP: 11/101 [orc warlord/+0 war axe (21)]
  8061 | Bailey   | Slain by an orc warlord

Vanquished Creatures
  A two-headed ogre (D:5)
  A troll (D:5)
  A shadow (D:5)
  A steam dragon (D:8)
  An acid dragon (D:6)
  2 water moccasins
  5 orc warriors
  2 sky beasts
  2 black bears (D:5)
  An ice beast (D:7)
  A necrophage (D:6)
  An ogre (D:7)
  A phantom (D:3)
  A kobold brigand (D:8)
  A gnoll sergeant (D:5)
  3 scorpions
  3 bullfrogs
  A water moccasin zombie (D:5)
  A wyvern skeleton (D:7)
  4 water moccasin skeletons
  A howler monkey (D:7)
  3 bullfrog zombies
  3 hounds
  A jelly (D:5)
  2 centaur skeletons (D:6)
  2 orc priests
  3 bullfrog skeletons
  A gnoll shaman (D:5)
  6 orc wizards
  6 iguanas
  A killer bee zombie (D:6)
  A hound skeleton (D:5)
  A mummy (D:7)
  13 gnolls
  A howler monkey skeleton (D:7)
  8 adders
  A shadow imp (D:6)
  An ufetubus (D:6)
  2 worms
  6 dart slugs
  21 orcs
  10 ball pythons
  6 bats
  6 endoplasms
  4 giant cockroaches
  10 goblins
  4 hobgoblins
  3 jackals (D:1)
  2 quokkas
  4 frilled lizards (D:1)
  20 kobolds
  2 kobold zombies (D:7)
  2 orc zombies (D:7)
  7 rats
198 creatures vanquished.

Vanquished Creatures (others)
  A kobold (D:8)
1 creature vanquished.

Grand Total: 199 creatures vanquished

Table legend:
 A = Non-vault XP
 B = Vault XP
 C = Vault XP percentage of total XP
 D = Non-vault monster count
 E = Vault monster count
 F = Vault count percentage of total count
                 A         B        C        D         E       F
            +---------+---------+-------+---------+---------+-------
      Total |    3948 |    2551 |  39.3 |     158 |      40 |  20.2
            +---------+---------+-------+---------+---------+-------
        D:1 |      34 |       0 |   0.0 |      20 |       0 |   0.0
        D:2 |      58 |       0 |   0.0 |      21 |       0 |   0.0
        D:3 |     274 |       0 |   0.0 |      24 |       0 |   0.0
        D:4 |     483 |       0 |   0.0 |      27 |       0 |   0.0
        D:5 |     977 |    2135 |  68.6 |      30 |      14 |  31.8
        D:6 |     853 |      54 |   6.0 |      20 |       2 |   9.1
        D:7 |     975 |      22 |   2.2 |      11 |       5 |  31.2
        D:8 |     294 |       0 |   0.0 |       5 |       0 |   0.0
     Bailey |       0 |     340 | 100.0 |       0 |      19 | 100.0
            +---------+---------+-------+---------+---------+-------

Illustrated notes

Table legend:
 A = Kills in this place as a percentage of kills in entire the game.
 B = Kills by you in this place as a percentage of kills by you in the entire game.
 C = Kills by friends in this place as a percentage of kills by friends in the entire game.
 D = Other kills in this place as a percentage of other kills in the entire game.
 E = Experience gained in this place as a percentage of experience gained in the entire game.
 F = Experience gained in this place divided by the number of levels of this place that you have seen.
                   A       B       C       D       E      F
               +-------+-------+-------+-------+-------+----------------------
         Total | 100.0 | 100.0 |   N/A |   N/A | 100.0 | 722.1
       Dungeon |  90.4 |  90.4 |   N/A |   N/A |  94.8 | 769.9
        Bailey |   9.6 |   9.6 |   N/A |   N/A |   5.2 | 340.0
               +-------+-------+-------+-------+-------+----------------------

Table legend: (Time is in decaauts)
 A = Elapsed time spent in this place.
 B = Non-inter-level travel time spent in this place.
 C = Inter-level travel time spent in this place.
 D = Time resting spent in this place.
 E = Time spent auto-exploring this place.
 F = Levels seen in this place.
 G = Mean time per level.
                   A        B        C        D        E       F      G
               +--------+--------+--------+--------+--------+-----+--------+
         Total |   7780 |   7388 |    392 |   1200 |   4789 |   9 |  864.4 |
       Dungeon |   7380 |   6988 |    392 |   1134 |   4581 |   8 |  922.5 |
        Bailey |    400 |    400 |      0 |     66 |    208 |   1 |  400.0 |
               +--------+--------+--------+--------+--------+-----+--------+

Top non-repeatable levels by time:
     D:5: 1808 daAuts
     D:4: 1221 daAuts
     D:2: 1008 daAuts
     D:3: 980 daAuts
     D:7: 780 daAuts
     D:6: 729 daAuts
     D:1: 683 daAuts
  Bailey: 400 daAuts
     D:8: 168 daAuts
